 Dungeon Crawl Stone Soup version 0.26.1-2-gb8aa6d0cf2 (webtiles) character file.

Game seed: 2220036076663270177

113376 hawla the Geomancer (level 16, -13/122 HPs)
             Began as a Grey Draconian Conjurer on Feb 17, 2021.
             Was a High Priest of Vehumet.
             Mangled by Arachne
             ... wielding an uncursed staff of poison
              (29 damage)
             ... on level 2 of the Spider Nest.
             The game lasted 02:12:07 (39392 turns).

hawla the Geomancer (Grey Draconian Conjurer)      Turns: 39392, Time: 02:12:08

Health: -13/122    AC: 23    Str: 11 (16) XL:     16   Next: 13%
Magic:  41/41      EV: 13    Int: 27 (29) God:    Vehumet [*****.]
Gold:   1188       SH: 12    Dex:  5 (10) Spells: 5/37 levels left

rFire    . . .     SeeInvis +   U - staff of conjuration
rCold    . . .     Faith    .   p - +3 buckler
rNeg     + . .     Spirit   .   (armour unavailable)
rPois    .         Reflect  +   D - +3 hat of Pondering {ponderous, Will+ MP+10 Int+5}
rElec    .         Harm     .   (no cloak)
rCorr    .         Rampage  .   t - +2 pair of gloves {Str+3}
Will     ++...                  j - +2 pair of boots
Stlth    +.........             K - amulet of reflection
HPRegen  0.30/turn              n - ring of see invisible
MPRegen  0.27/turn              E - ring of positive energy

@: slow
A: walk through water, unfitting armour, robust 1, strong 1, unbreathing,
cold-blooded, AC +14
a: Renounce Religion


You were on level 2 of the Spider Nest.
You worshipped Vehumet.
Vehumet was extremely pleased with you.
You visited 4 branches of the dungeon, and saw 24 of its levels.
You also visited: Gauntlet.

You collected 2963 gold pieces.
You spent 1775 gold pieces at shops.

Inventory:

Missiles
 o - 14 poisoned darts
 N - 2 curare-tipped darts
 V - 4 silver boomerangs
 W - 9 silver javelins (quivered)
Armour
 j - a +2 pair of boots (worn)
 p - a +3 buckler (worn)
 t - a +2 pair of gloves of strength (worn)
 D - the +3 hat of Pondering (worn) {ponderous, Will+ MP+10 Int+5}
   (You took it off Gastronok on level 8 of the Dungeon)

   It affects your intelligence (+5).
   It affects your willpower, your defense against some magical effects.
   It affects your magic capacity (+10).
Magical Staves
 q - an uncursed staff of air
 s - an uncursed staff of fire
 U - an uncursed staff of conjuration (weapon)
Jewellery
 i - an uncursed ring of flight
 n - a ring of see invisible (left hand)
 C - an uncursed amulet of the acrobat
 E - a ring of positive energy (right hand)
 G - an uncursed ring of wizardry
 J - a +6 ring of dexterity
 K - an amulet of reflection (around neck)
 P - the ring "Wedixi" {Fire rElec Str+4}
   (You found it in a Gauntlet)

   [ring of fire]

   It enhances your fire magic.
   It affects your strength (+4).
   It protects you from fire.
   It makes you vulnerable to cold.
   It insulates you from electricity.
 X - an uncursed ring of ice
 Z - an uncursed ring of poison resistance
Wands
 a - a wand of iceblast (7)
 b - a wand of flame (60)
 f - a wand of enslavement (15)
 m - a wand of digging (11)
 y - a wand of paralysis (26)
 B - a wand of disintegration (31)
 F - a wand of random effects (25)
Scrolls
 d - a scroll of amnesia
 r - 5 scrolls of teleportation
 u - a scroll of enchant weapon
 v - 3 scrolls of identify
 w - 8 scrolls of remove curse
 x - a scroll of blinking
 O - a scroll of fear
Potions
 c - 2 potions of berserk rage
 e - 9 potions of curing
 h - a potion of lignification
 k - 5 potions of might
 l - 2 potions of heal wounds
 z - a potion of brilliance
 A - 6 potions of haste
 M - 2 potions of magic
Miscellaneous
 g - a phantom mirror
 H - a condenser vane (inert)
 I - a phantom mirror
 L - a lightning rod (4/4)
 T - a phial of floods (inert)


   Skills:
 - Level 2.0 Fighting
 - Level 12.0 Staves
 - Level 1.0 Throwing
 - Level 7.0 Dodging
 - Level 2.0 Stealth
 - Level 4.0 Shields
 + Level 11.0 Spellcasting
 - Level 12.0 Conjurations
 - Level 4.0 Translocations
 + Level 0.7 Transmutations
 + Level 13.7 Fire Magic
 + Level 14.8 Earth Magic
 - Level 4.0 Evocations


You had 5 spell levels left.
You knew the following spells:

 Your Spells              Type           Power        Failure   Level
a - Magic Dart            Conj           100%         1%          1
b - Searing Ray           Conj           100%         1%          2
c - Iskenderun's Mystic   Conj/Tloc      72%          1%          4
d - Foxfire               Conj/Fire      100%         0%          1
e - Iron Shot             Conj/Erth      46%          1%          6
f - Bolt of Magma         Conj/Fire/Erth 46%          1%          5
g - Ignition              Fire           36%          22%         8
h - Irradiate             Conj/Tmut      32%          2%          5

Your spell library contained the following spells:

 Spells                   Type           Power        Failure   Level
 Conjure Flame            Conj/Fire      91%          1%          3
 Dazzling Flash           Conj/Hex       100%         1%          3
 Ignite Poison            Fire/Tmut/Pois 40%          1%          3
 Mephitic Cloud           Conj/Pois/Air  53%          1%          3
 Fulminant Prism          Conj/Hex       31%          1%          4
 Iskenderun's Battlesphe  Conj           88%          1%          5
 Corona                   Hex            15%          3%          1
 Summon Small Mammal      Summ           56%          3%          1
 Portal Projectile        Hex/Tloc       50%          4%          3
 Call Imp                 Summ           14%          6%          2
 Ensorcelled Hibernation  Hex/Ice        28%          6%          2
 Poisonous Vapours        Pois/Air       28%          6%          2
 Passage of Golubria      Tloc           N/A          8%          4
 Call Canine Familiar     Summ           14%          12%         3
 Confusing Touch          Hex            14%          12%         3
 Summon Guardian Golem    Hex/Summ       14%          12%         3
 Tukima's Dance           Hex            14%          12%         3
 Animate Dead             Necr           7%           36%         4
 Summon Ice Beast         Ice/Summ       14%          36%         4
 Summon Lightning Spire   Summ/Air       14%          36%         4
 Starburst                Conj/Fire      45%          1%          6
 Orb of Destruction       Conj           44%          7%          7
 Freezing Cloud           Conj/Ice/Air   26%          28%         6
 Spellforged Servitor     Conj/Summ      31%          54%         7


Dungeon Overview and Level Annotations

Branches:
Dungeon (14/15)            Temple (1/1) D:6            Lair (6/6) D:8
 Shoals (0/4) Lair:4       Spider (3/4) Lair:4        Slime (0/5) Lair:6
    Orc (0/2) D:11         Vaults (0/5) D:14        Gauntlet (visited)

Altars:
Ashenzari
Cheibriados
Dithmenos
Elyvilon
Fedhas
Gozag
Hepliaklqana
Kikubaaqudgha
Makhleb
Nemelex Xobeh
Okawaru
Qazlal
Ru
Sif Muna
Trog
Uskayaw
Vehumet
Wu Jian
Xom
Yredelemnul
Zin
The Shining One

Shops:
D:5 *   D:11 (**

Annotations:
Spider:2 Arachne
Spider:3 Asterion


Innate Abilities, Weirdness & Mutations

You can walk through water.
Your dull iron-grey scales are very hard. (AC +14)
You cannot fit into any form of body armour.
You can survive without breathing.
You are cold-blooded and may be slowed by cold attacks.
You are robust. (+10% HP)
Your muscles are strong. (Str +2)


Message History

There is a stone staircase leading down here.
Unknown command.
Blink to where?
Press: ? - help, Dir - move target
As you read the scroll of blinking, it crumbles to dust.
Arachne casts a spell at you. The bolt of poison hits you!!
You are more poisoned.
* * * LOW HITPOINT WARNING * * *
You feel better. Arachne casts a spell at you. The bolt of poison hits you!!
You are poisoned.
* * * LOW HITPOINT WARNING * * *
Unknown command.
You feel better.
Arachne hits you with an uncursed staff of poison!
* * * LOW HITPOINT WARNING * * *
Arachne envenoms you!!
You die...

#### ########################
#..# ##......#.......#....##..
..### ##.†......^......##....##.
....## #..##.#...#.#^......##..#.
.....####..####.######^.....##...
.#....#....#.^###..#.##.##...#..#
##..>##...##...#...#..###...#####
.#...^...##.....@....##.#|.##^^≈#
.##......######.#H..##..####..##.
....######^...###.......#.....≈..
.....##.........##>...#......###^
##..##...)...#...###..##....##...
.####....#^..###^..#..#...###...#
...##..####### #...##.#>...##..##
#...##..## ##...#####..#....#
##..^##..# ####..#.....##...#


You could see Arachne.

Vanquished Creatures
  Gastronok (D:8)
  A ghost moth (Spider:2)
  The ghost of Gadfly the Bludgeoner, an adept GrBe of Trog (Lair:2)
  2 emperor scorpions
  A minotaur (Gauntlet)
  The ghost of Odimp the Protected, a journeyman KoWn of Wu Jian (Lair:4)
  Nessos (D:14)
  An entropy weaver (Spider:2)
  The ghost of Kadaikan the Arsonist, a journeyman DsFE of Sif Muna (D:13)
  The ghost of Calibrex the Grappler, a journeyman TrMo of Wu Jian (D:10)
  A fire dragon (Lair:6)
  Fannar (Lair:1)
  4 hydras
  4 vault guards
  Harold (D:7)
  Erolcha (D:13)
  2 boulder beetles
  3 centaur warriors
  3 catoblepae
  A death knight (D:12)
  6 death yaks
  3 two-headed ogres
  A dancing weapon (D:13)
  4 tengu warriors (D:14)
  Urug (Lair:1)
  A fire crab (Gauntlet)
  An unseen horror (D:14)
  2 necromancers (D:14)
  A lindwurm (Lair:6)
  2 orb spiders (Spider:1)
  An ugly thing (D:11)
  9 wolf spiders
  2 cyclopes
  4 oklob plants (Lair:2)
  2 manticores
  17 elephants
  Joseph (D:9)
  A centaur zombie (D:12)
  5 black mambas
  A gargoyle (D:11)
  3 molten gargoyles (Lair:6)
  An eye of devastation (Gauntlet)
  4 torpor snails
  Psyche (D:9)
  22 cane toads
  8 rime drakes
  Maggie (D:6)
  An efreet (Gauntlet)
  A yaktaur (D:14)
  21 komodo dragons
  2 demonic crawlers
  2 freezing wraiths (D:12)
  6 jumping spiders
  The ghost of Calibrex the Slasher, an amateur GnCK of Xom (D:4)
  A troll (D:11)
  2 polar bears
  Prince Ribbit (D:8)
  19 dream sheep (Lair:6)
  A hornet (D:8)
  4 blink frogs (Lair:4)
  A blink frog (shapeshifter) (D:14)
  3 slime creatures (Lair:6)
  35 redbacks
  2 shadows (D:11)
  2 wraiths (D:12)
  10 wyverns
  Sigmund (D:5)
  17 humans
  52 yaks
  7 tarantellas
  2 fire elementals (Gauntlet)
  10 basilisks
  4 fire bats (Gauntlet)
  2 steam dragons (Lair:6)
  A soldier ant (D:7)
  2 acid dragons
  A floating eye (Gauntlet)
  22 water moccasins
  5 hell hounds
  6 ice beasts
  2 black bears
  6 orc warriors
  4 sky beasts
  4 phantoms
  10 ogres
  15 wolves
  10 centaurs
  3 big kobolds (D:8)
  27 bullfrogs
  A wyvern zombie (D:6)
  A gnoll sergeant (D:9)
  5 scorpions
  A troll zombie (D:11)
  17 wights
  An electric eel (Lair:3)
  2 howler monkeys
  5 lava snakes (Lair:6)
  3 centaur skeletons
  A bullfrog zombie (D:6)
  9 hounds
  5 orc priests
  4 jellies
  A bullfrog skeleton (D:9)
  2 iguanas
  Ijyb (D:5)
  14 worker ants
  13 orc wizards
  5 ogre zombies (D:11)
  2 hound skeletons
  A mummy (D:5)
  A howler monkey zombie (D:5)
  14 adders
  13 gnolls
  A howler monkey skeleton (D:11)
  A hound simulacrum (D:10)
  3 shadow imps
  5 white imps
  2 ufetubi
  An ooze (D:2)
  An adder zombie (D:6)
  3 worms
  2 dart slugs (D:2)
  8 leopard geckos
  31 orcs
  3 ball pythons
  8 giant cockroaches
  6 goblins
  9 hobgoblins
  16 jackals
  15 kobolds
  6 quokkas
  14 bats
  3 frilled lizards
  2 goblin zombies (D:11)
  2 hobgoblin skeletons (D:11)
  A hobgoblin zombie (D:5)
  3 orc skeletons (D:11)
  14 orc zombies
  A quokka skeleton (D:5)
  9 rats
757 creatures vanquished.

Vanquished Creatures (others)
  A jumping spider (Spider:3)
  2 bushes (D:8)
  60 foxfires
  17 fungi
  62 plants
  9 toadstools (Lair:4)
151 creatures vanquished.

Grand Total: 908 creatures vanquished

Notes
Turn   | Place    | Note
-------+----------+-------------------------------------------
     0 | D:1      | hawla the Draconian Conjurer began the quest for the Orb.
     0 | D:1      | Reached XP level 1. HP: 14/14 MP: 3/3
   401 | D:1      | Reached XP level 2. HP: 17/20 MP: 0/5
   404 | D:1      | Learned a level 2 spell: Searing Ray
  1173 | D:1      | Reached XP level 3. HP: 22/26 MP: 0/6
  2205 | D:2      | Reached XP level 4. HP: 33/33 MP: 2/8
  2362 | D:2      | Learned a level 4 spell: Iskenderun's Mystic Blast
  3584 | D:3      | Reached skill level 5 in Conjurations
  3599 | D:3      | Reached skill level 1 in Translocations
  3734 | D:3      | Reached XP level 5. HP: 38/38 MP: 5/10
  4773 | D:4      | Noticed an ogre
  4780 | D:4      | Killed an ogre
  4781 | D:4      | Reached XP level 6. HP: 45/45 MP: 5/11
  5029 | D:4      | Found a runed translucent gate.
  5029 | D:4      | Found a runed translucent gate.
  5031 | D:4      | Found a runed translucent gate.
  5031 | D:4      | Noticed Calibrex's ghost (amateur GnCK)
  5493 | D:4      | Noticed a +0 hand axe
  5494 | D:4      | Noticed a +0 hand axe
  5497 | D:4      | Found a hide-covered altar of Uskayaw.
  5734 | D:4      | Your scales start taking on a dull iron-grey colour.
  5734 | D:4      | Reached XP level 7. HP: 50/50 MP: 5/13
  5734 | D:4      | Gained mutation: You can survive without breathing. [Grey
                  | Draconian growth]
  5957 | D:5      | Entered Level 5 of the Dungeon
  5962 | D:5      | Noticed Sigmund
  6113 | D:5      | Killed Sigmund
  6114 | D:5      | Reached skill level 2 in Earth Magic
  6325 | D:5      | Found a sacrificial altar of Ru.
  6972 | D:5      | Reached skill level 3 in Earth Magic
  7057 | D:5      | Noticed Ijyb
  7062 | D:5      | Killed Ijyb
  7067 | D:5      | Reached XP level 8. HP: 57/57 MP: 3/15
  7177 | D:5      | Found Lujuss's General Store.
  7186 | D:5      | Bought a +0 buckler for 49 gold pieces
  7186 | D:5      | Bought a +0 quarterstaff for 44 gold pieces
  7186 | D:5      | Bought a potion of lignification for 33 gold pieces
  7295 | D:5      | Found Lonum's Distillery.
  7529 | D:6      | Gained mutation: Your muscles are strong. (Str +2) [potion
                  | of mutation]
  7529 | D:6      | Gained mutation: You are robust. (+10% HP) [potion of
                  | mutation]
  7813 | D:6      | Reached skill level 1 in Staves
  7833 | D:6      | Reached skill level 1 in Shields
  7833 | D:6      | Reached skill level 5 in Spellcasting
  7833 | D:6      | Reached skill level 4 in Earth Magic
  8342 | D:6      | Found a staircase to the Ecumenical Temple.
  8359 | Temple   | Entered the Ecumenical Temple
  8725 | Temple   | Became a worshipper of Vehumet
  8815 | D:6      | Found a shimmering altar of Xom.
  8815 | D:6      | Found a shimmering altar of Xom.
  8817 | D:6      | Found a shimmering altar of Xom.
  8817 | D:6      | Found a shimmering altar of Xom.
  8818 | D:6      | Found a shimmering altar of Xom.
  8818 | D:6      | Found a shimmering altar of Xom.
  8881 | D:6      | Reached skill level 5 in Earth Magic
  9349 | D:6      | Noticed Maggie
  9360 | D:6      | Killed Maggie
  9361 | D:6      | Reached XP level 9. HP: 56/68 MP: 2/17
 10060 | D:7      | Reached skill level 6 in Earth Magic
 10250 | D:7      | Noticed Harold
 10593 | D:7      | Killed Harold
 10594 | D:7      | Reached skill level 7 in Earth Magic
 10705 | D:7      | Found a white marble altar of Elyvilon.
 10978 | D:7      | Reached skill level 5 in Staves
 10981 | D:7      | Reached * piety under Vehumet
 10981 | D:7      | Offered knowledge of Foxfire by Vehumet.
 11099 | D:8      | Identified 2 scrolls of acquirement
 11099 | D:8      | Acquired a book of Power
 11101 | D:8      | Acquired a +0 pair of gloves of strength
 11154 | D:8      | Noticed Prince Ribbit
 11159 | D:8      | Learned a level 1 spell: Foxfire
 11182 | D:7      | Learned a level 6 spell: Iron Shot
 11188 | D:7      | Learned a level 5 spell: Bolt of Magma
 11217 | D:8      | Reached XP level 10. HP: 75/75 MP: 7/19
 11698 | D:8      | Reached skill level 1 in Fire Magic
 11698 | D:8      | Reached skill level 8 in Earth Magic
 12043 | D:7      | Reached skill level 1 in Evocations
 12394 | D:8      | Offered knowledge of Sandblast by Vehumet.
 12410 | D:8      | Killed Prince Ribbit
 12410 | D:8      | Reached ** piety under Vehumet
 12579 | D:8      | Found a broken altar of Ashenzari.
 12579 | D:8      | Noticed Gastronok
 12630 | D:8      | Reached skill level 9 in Earth Magic
 12818 | D:8      | Found a staircase to the Lair.
 12878 | D:8      | Reached skill level 10 in Conjurations
 13433 | D:9      | Noticed Psyche
 13441 | D:9      | Noticed Joseph
 13443 | D:9      | Killed Psyche
 13484 | D:9      | Killed Joseph
 13485 | D:9      | Reached XP level 11. HP: 45/81 MP: 5/20
 13744 | D:8      | Killed Gastronok
 13745 | D:8      | Reached skill level 1 in Throwing
 13745 | D:8      | Reached skill level 10 in Earth Magic
 14415 | D:9      | Offered knowledge of Ignite Poison by Vehumet.
 14496 | D:9      | Found a bloodstained altar of Trog.
 14496 | D:9      | Found a hazy altar of Hepliaklqana.
 14683 | D:9      | Found a sparkling altar of Nemelex Xobeh.
 14982 | D:9      | Reached *** piety under Vehumet
 15080 | D:10     | Entered Level 10 of the Dungeon
 15092 | D:10     | Noticed Calibrex's ghost (journeyman TrMo)
 15370 | D:10     | Found a runed translucent gate.
 15370 | D:10     | Found a runed translucent gate.
 15370 | D:10     | Found a runed translucent gate.
 16017 | D:11     | Noticed a two-headed ogre
 16028 | D:11     | Killed a two-headed ogre
 16029 | D:11     | Reached skill level 11 in Earth Magic
 16054 | D:11     | Offered knowledge of Sticky Flame by Vehumet.
 16311 | D:11     | Found Xowun's General Store.
 16351 | D:11     | Noticed a white ugly thing
 16441 | D:11     | Killed a white ugly thing
 16653 | D:11     | Reached **** piety under Vehumet
 16795 | D:11     | Found a staircase to the Orcish Mines.
 17236 | D:11     | Found Tavanasipt's Weapon Boutique.
 17245 | D:11     | Noticed a two-headed ogre
 17263 | D:11     | Killed a two-headed ogre
 17432 | D:11     | Offered knowledge of Fireball by Vehumet.
 17948 | D:11     | Found Juguepn's General Store.
 18321 | D:12     | Reached skill level 12 in Earth Magic
 18358 | D:12     | Found a stormy altar of Qazlal.
 18415 | D:12     | Noticed a death knight
 18416 | D:12     | Noticed a two-headed ogre
 18436 | D:12     | Killed a two-headed ogre
 18437 | D:12     | Reached XP level 12. HP: 42/89 MP: 19/22
 18761 | D:12     | Killed a death knight
 19659 | D:13     | Found a runed translucent door.
 19660 | D:13     | Found a shimmering altar of Xom.
 19660 | D:13     | Noticed Kadaikan's ghost (journeyman DsFE)
 19660 | D:13     | Identified the +5 halberd "Jellybane" {chaos, SInv}
 19842 | D:13     | Noticed a centaur warrior
 19843 | D:13     | Noticed Erolcha
 19847 | D:13     | Killed a centaur warrior
 19848 | D:13     | Killed Erolcha
 20564 | D:14     | Reached skill level 13 in Earth Magic
 20568 | D:14     | Noticed a vault guard
 20573 | D:14     | Noticed a vault guard
 20686 | D:13     | Killed a vault guard
 20797 | D:13     | Killed a vault guard
 20939 | D:14     | Noticed a vault guard
 20942 | D:14     | Killed a vault guard
 20943 | D:14     | Reached skill level 10 in Staves
 20965 | D:14     | Noticed a centaur warrior
 20970 | D:14     | Killed a centaur warrior
 21024 | D:14     | Reached ***** piety under Vehumet
 21072 | D:14     | Noticed a vault guard
 21152 | D:14     | Killed a vault guard
 21153 | D:14     | Reached XP level 13. HP: 94/94 MP: 26/26
 21227 | D:14     | Found a gate to the Vaults.
 21479 | D:14     | Offered knowledge of Conjure Ball Lightning by Vehumet.
 21825 | D:14     | Reached skill level 14 in Earth Magic
 22162 | D:14     | Noticed Nessos
 22167 | D:14     | Killed Nessos
 22449 | D:14     | Got a pair of faintly glowing boots
 22460 | D:14     | Identified the +0 pair of boots of the Salmon {Harm rCorr
                  | Dex-3 Stlth+} (You found it on level 14 of the Dungeon)
 22861 | Lair:1   | Entered Level 1 of the Lair of Beasts
 22864 | Lair:1   | Noticed Urug
 22915 | Lair:1   | Killed Urug
 23059 | D:4      | Killed Calibrex's ghost
 23210 | D:10     | Killed Calibrex's ghost
 23515 | D:13     | Killed Kadaikan's ghost
 23516 | D:13     | Reached skill level 5 in Dodging
 24138 | Lair:1   | Reached skill level 10 in Spellcasting
 24343 | Lair:1   | Offered knowledge of Yara's Violent Unravelling by Vehumet.
 24505 | Lair:1   | Noticed Fannar
 24509 | Lair:1   | Killed Fannar
 24790 | D:5      | Bought a scroll of acquirement for 572 gold pieces
 24855 | Temple   | Acquired 886 gold pieces
 24920 | D:5      | Bought a scroll of remove curse for 33 gold pieces
 24960 | D:5      | Bought a potion of haste for 150 gold pieces
 24960 | D:5      | Bought a potion of curing for 45 gold pieces
 24960 | D:5      | Bought a potion of brilliance for 60 gold pieces
 24960 | D:5      | Bought a potion of resistance for 150 gold pieces
 24960 | D:5      | Bought a potion of heal wounds for 75 gold pieces
 24960 | D:5      | Bought 2 potions of flight for 90 gold pieces
 24960 | D:5      | Bought a potion of curing for 45 gold pieces
 24960 | D:5      | Bought 2 potions of flight for 90 gold pieces
 24960 | D:5      | Bought a potion of lignification for 45 gold pieces
 24960 | D:5      | Bought a potion of might for 60 gold pieces
 25120 | D:11     | Bought a wand of acid (5) for 234 gold pieces
 25494 | Lair:2   | Found a runed translucent door.
 26010 | Lair:2   | Reached XP level 14. HP: 69/102 MP: 24/28
 26035 | Lair:2   | Identified the Papyrus of Nihilism
 26046 | Lair:2   | Learned a level 8 spell: Ignition
 26309 | Lair:2   | Noticed Gadfly's ghost (adept GrBe)
 28212 | Lair:3   | Reached skill level 5 in Fire Magic
 28491 | Lair:3   | Identified Xutsoploi's Handbook of Orientation and Ignition
 29613 | Lair:4   | Found a hole to the Spider Nest.
 30012 | Lair:4   | Found a runed translucent door.
 30016 | Lair:4   | Noticed Odimp's ghost (journeyman KoWn)
 30125 | Lair:4   | Found a staircase to the Shoals.
 30443 | Lair:4   | Found a runed translucent door.
 31102 | Lair:5   | Offered knowledge of Eringya's Noxious Bog by Vehumet.
 31591 | Lair:6   | Entered Level 6 of the Lair of Beasts
 31636 | Lair:6   | Found a gate leading to a gauntlet.
 31650 | Gauntlet | Entered a Gauntlet
 31650 | Gauntlet | Found a transporter.
 31650 | Gauntlet | Found a transporter.
 31707 | Gauntlet | Found a transporter.
 31708 | Gauntlet | Found a transporter.
 31711 | Gauntlet | Found a transporter.
 31711 | Gauntlet | Found a transporter.
 31741 | Gauntlet | Found a transporter.
 31745 | Gauntlet | Found a transporter.
 31751 | Gauntlet | Found a runed translucent door.
 31753 | Gauntlet | Found a runed translucent door.
 31755 | Gauntlet | Found a transporter.
 31772 | Gauntlet | Found a transporter.
 31788 | Gauntlet | Found a transporter.
 31791 | Gauntlet | Found a transporter.
 31919 | Gauntlet | Got a pitted wooden ring
 31923 | Gauntlet | Identified the ring "Wedixi" {Fire rElec Str+4} (You found
                  | it in a Gauntlet)
 32156 | Gauntlet | Reached XP level 15. HP: 85/108 MP: 7/30
 32973 | Lair:6   | Reached skill level 10 in Fire Magic
 33271 | Lair:6   | Found a staircase to the Slime Pits.
 33538 | Lair:6   | Offered knowledge of Lee's Rapid Deconstruction by Vehumet.
 34437 | Lair:6   | Found a large runed translucent door.
 34593 | Lair:6   | Found a large runed translucent door.
 35473 | Lair:2   | Killed Gadfly's ghost
 35868 | Lair:4   | Killed Odimp's ghost
 36349 | Spider:1 | Entered Level 1 of the Spider Nest
 36698 | Spider:1 | Reached skill level 1 in Fighting
 37872 | Spider:2 | Reached XP level 16. HP: 122/122 MP: 16/31
 38677 | Spider:2 | Reached ****** piety under Vehumet
 38677 | Spider:2 | Offered knowledge of Irradiate by Vehumet.
 38684 | Spider:2 | Learned a level 5 spell: Irradiate
 39383 | Spider:3 | Noticed Arachne
 39383 | Spider:3 | Noticed Asterion
 39392 | Spider:2 | Mangled by Arachne

Illustrated notes

Levels and vault maps discovered:
D:1:      lightli_arrival_statue_moat, layout_basic, hangedman_decor_points,
          hangedman_glass_teeth
D:2:      layout_basic
D:3:      layout_loops_corners, corexii_leaking_fountain, minmay_strange_pillars
D:4:      layout_basic, dancing_weapons_uskayaw, gammafunk_ghost_split,
          serial_co_window_serial, co_window_corner_a,
          co_window_of_opportunity_a, co_window_corner_a, co_window_paths_b,
          co_window_paths_a, co_window_cross_2, co_window_cross_4,
          co_window_paths_c, co_window_broadway_b, glass_columns_a,
          glass_columns_c
D:5:      kennysheep_big_flooded_room, layout_gridville,
          nicolae_ru_awakened_eye, portal_sewer_entry_d, serial_shops, shop,
          shop_fountains, minmay_mini_ossuary, uniq_sigmund, uniq_ijyb
D:6:      layout_cave_pods, xom_redecorated,
          minmay_temple_entry_statues_fountains, serial_park,
          serial_park_tiny_1, serial_park_tiny_1, serial_park_square3
          [serial_park_minivault_5x5_1], roderic_lattice_a, minivault_27,
          uniq_maggie
D:7:      layout_rooms, overflow_temple_1_default, due_unseen_surprise,
          uniq_harold
D:8:      layout_basic, evilmike_ruin_ashenzari, minmay_lair_entry_grove,
          grunt_ministairs_1, hangedman_pestilent_swarm,
          roderic_cross_of_infinity, uniq_gastronok, uniq_prince_ribbit1
D:9:      layout_loops_ring, nemelex_xobeh_ov_fountains_minmay,
          gammafunk_temple_overflow_pools, uniq_joseph, uniq_psyche
D:10:     layout_irregular_city, gammafunk_ghost_icy
D:11:     layout_layer_cave, zombieorc1_lemuel, serial_shops,
          nicolae_shop_statue_plus, shop, shop, kennysheep_generic_room_16
D:12:     layout_basic, minmay_variable_closet, grunt_qazlal_clouds
D:13:     layout_irregular_city, ebering_ghost_xom, uniq_erolcha
D:14:     layout_irregular_city, grunt_vaults_entry_tiered,
          chequers_serial_rivers_small_b, kennysheep_generic_room_10,
          uniq_nessos
Temple:   minmay_temple_curvy_branch
Lair:1:   layout_hall_layers, grunt_megastairs_3, uniq_fannar, uniq_urug
Lair:2:   layout_misc_corridors, ebering_ghost_reflecting_pool,
          lemuel_fruit_fields, minmay_lair_oklob_chamber
Lair:3:   nzn_winding_woodlands_stair_cross [nzn_winding_woodlands_5x15_jagged,
          nzn_winding_woodlands_center_garden,
          nzn_winding_woodlands_5x15_sidewinder,
          nzn_winding_woodlands_5x5_checkerboard,
          nzn_winding_woodlands_5x5_open_star, nzn_winding_woodlands_5x15_pool,
          nzn_winding_woodlands_center_diamonds,
          nzn_winding_woodlands_5x15_longhouse], layout_long_grid,
          serial_bayou_shore_a
Lair:4:   gammafunk_lair_enchanted_lake, layout_big_grid, shoals_dummy_entry,
          spider_nest_entry_a, hellmonk_ghost_happy_afterlife,
          guppyfry_lair_drakes, grunt_megastairs_5
Lair:5:   layout_small_grid, minivault_25, lemuel_fruit_tree
Lair:6:   cheibrodos_lair_end_hotspot, layout_hall_layers,
          minmay_slime_entry_pillars, gauntlet_entry_generic
Spider:1: layout_spider_delve
Spider:2: layout_spider_delve
Spider:3: layout_spider_delve, drop_trap, uniq_arachne, uniq_asterion

Skill      XL: |  1  2  3  4  5  6  7  8  9 10 11 12 13 14 15 16 |
---------------+-------------------------------------------------+-----
Dodging        | 2 3 5 6 7 |  7.0
Stealth        | 2 |  2.0
Spellcasting   | 3 4 5 6 7 9 10 11 | 11.0
Conjurations   | 5 6 7 8 9 10 12 | 12.0
Translocations | 1 2 3 4 |  4.0
Earth Magic    | 3 5 7 9 12 13 14 | 14.8
Staves         | 2 5 6 8 10 11 12 | 12.0
Shields        | 2 3 4 |  4.0
Fire Magic     | 3 9 13 | 13.7
Evocations     | 1 2 3 4 |  4.0
Throwing       | 1 |  1.0
Fighting       | 2 |  2.0
Transmutations | |  0.7

Action                   |  1- 3 |  4- 6 |  7- 9 | 10-12 | 13-15 | 16-18 || total
-------------------------+-------+-------+-------+-------+-------+-------++-------
Melee: Unarmed           |    58 |    13 |    16 |       |       |       ||    87
       Tailslap          |     1 |     1 |     8 |    17 |    11 |     1 ||    39
       Dagger            |       |       |     4 |       |       |       ||     4
       Quarterstaff      |       |       |    41 |       |       |       ||    41
       Staff             |       |       |       |   119 |   141 |    29 ||   289
Throw: Dart              |       |       |       |    11 |    10 |       ||    21
       Boomerang         |       |       |       |     1 |     5 |     1 ||     7
       Javelin           |       |       |       |       |       |     6 ||     6
 Cast: Magic Dart        |    35 |    22 |    25 |    58 |    36 |     1 ||   177
       Searing Ray       |    21 |    43 |    72 |   131 |    79 |     5 ||   351
       Iskenderun's Myst |       |       |    25 |    75 |   240 |    14 ||   354
       Bolt of Magma     |       |       |       |    21 |    55 |     3 ||    79
       Iron Shot         |       |       |       |    31 |   169 |    14 ||   214
       Foxfire           |       |       |       |     2 |    35 |       ||    37
       Ignition          |       |       |       |       |    14 |       ||    14
Evoke: Wand              |       |       |     1 |     5 |    12 |     6 ||    24
       Phial of floods   |       |       |       |       |     1 |     1 ||     2
       Condenser vane    |       |       |       |       |     1 |     1 ||     2
  Use: Scroll            |     1 |     5 |    17 |    11 |    25 |     5 ||    64
       Potion            |       |     3 |     1 |     6 |     4 |     5 ||    19
 Stab: Sleeping          |       |     1 |       |       |       |       ||     1
       Paralysed         |       |       |       |       |       |     2 ||     2
Armor: Skin              |    32 |     9 |    96 |   112 |   191 |    89 ||   529
Dodge: Dodged            |    43 |    17 |   109 |   128 |   209 |    37 ||   543
Block: Buckler           |       |       |     3 |    56 |   164 |    49 ||   272
